[Event "Titled Tuesday Blitz April 4 Early 2023"]
[White "Durarbayli, Vasif"]
[Black "Remizov, Yaroslav"]
[WhiteFideId "13402935"]
[BlackFideId "34134015"]
[WhiteElo "2551"]
[BlackElo "2412"]
[Result "1-0"]
[Round "05"]
[TimeControl "180+2"]
[Date "2023.04.04"]
[WhiteClock "0:00:14"]
[BlackClock "0:00:14"]

1. e4 c6 2. d4 d5 3. exd5 cxd5 4. c4 Nf6 5. Nc3 e6 6. Nf3 Bb4 7. cxd5 Nxd5 8. Bd2 O-O 9. Bd3 b6 10. Qc2 h6 11. Nxd5 Bxd2+ 12. Nxd2 exd5 13. O-O Ba6 14. Rac1 Bxd3 15. Qxd3 Nd7 16. Nf3 Rc8 17. Qf5 Nf6 18. Ne5 Qe8 19. b3 Rxc1 20. Rxc1 Qb5 21. h3 Qe2 22. Qc2 Qb5 23. a4 Qa6 24. Qd3 Qb7 25. Qf5 Qa6 26. Qd3 Qb7 27. Qf5 Qa6 28. Rc6 Qe2 29. Rxf6 gxf6 30. Nd7 Qe6 31. Qxe6 fxe6 32. Nxf8 Kxf8 33. f4 h5 34. Kf2 Kf7 35. Kg3 Kg6 36. Kh4 Kf5 37. g3 e5 38. fxe5 fxe5 39. g4+ hxg4 40. hxg4+ Kg6 41. dxe5 d4 42. Kg3 Kg5 43. Kf3 d3 44. Ke3 Kxg4 45. e6 Kf5 46. e7 d2 47. Kxd2 Ke5 48. e8=Q+ Kd5 49. Qd8+ Kc6 50. Qc8+ Kd5 51. Qa8+ Kc5 52. Qxa7 Kb4 53. Qxb6+ Ka3 54. a5 Kb2 55. a6 Ka2 56. a7 Kb2 57. b4 Kb1 58. b5 Kb2 59. Qc6 Kb1 60. b6 Ka2 61. b7 Ka3 62. a8=Q+ Kb4 63. b8=Q# 1-0


[Site "https://www.chess.com"]

[Event "Titled Tuesday Blitz April 4 Early 2023"]
[White "Schmakel, Sam"]
[Black "Zakhartsov, Vladimir"]
[WhiteFideId "2039311"]
[BlackFideId "4145097"]
[WhiteElo "2356"]
[BlackElo "2497"]
[Result "0-1"]
[Round "05"]
[TimeControl "180+2"]
[Date "2023.04.04"]
[WhiteClock "0:00:02"]
[BlackClock "0:00:55"]

1. Nf3 c5 2. g3 Nc6 3. Bg2 g6 4. c3 e5 5. e4 Bg7 6. O-O Nge7 7. d3 O-O 8. Na3 d6 9. Re1 h6 10. Nc4 Re8 11. a4 d5 12. exd5 Nxd5 13. Qb3 Nb6 14. a5 Nxc4 15. Qxc4 Nxa5 16. Qa4 Nc6 17. Be3 Bf8 18. Nd2 Bd7 19. Qb3 Rb8 20. f4 Be6 21. Qc2 Bd5 22. Bxd5 Qxd5 23. Ne4 Kg7 24. fxe5 Nxe5 25. Qf2 f5 26. Nd2 Nxd3 27. Qf1 Nxe1 28. Rxe1 Rxe3 29. Rxe3 Qxd2 30. Re6 Rd8 31. Qb5 Qd7 32. Qe2 Qd1+ 0-1


[Site "https://www.chess.com"]

[Event "Titled Tuesday Blitz April 4 Early 2023"]
[White "Seemann, Jakub"]
[Black "Yeletsky, Ivan"]
[WhiteFideId "21874697"]
[BlackFideId "24180327"]
[WhiteElo "2364"]
[BlackElo "2422"]
[Result "0-1"]
[Round "05"]
[TimeControl "180+2"]
[Date "2023.04.04"]
[WhiteClock "0:00:20"]
[BlackClock "0:01:31"]

1. e4 c6 2. d4 d5 3. e5 Bf5 4. Nf3 e6 5. Be2 c5 6. O-O Nc6 7. Be3 cxd4 8. Nxd4 Nge7 9. Nxc6 Nxc6 10. c4 d4 11. Bf4 Qd7 12. a3 Rd8 13. Bd3 Be7 14. Bxf5 exf5 15. Qd3 g5 16. Bc1 Nxe5 17. Qe2 Qe6 18. Nd2 d3 19. Qe3 Nc6 20. Qh3 g4 21. Qh5 Qg6 22. Qxg6 hxg6 23. b4 Bf6 24. Rb1 Nd4 25. Bb2 Ne2+ 26. Kh1 Ke7 27. Bxf6+ Kxf6 28. h3 f4 29. c5 f3 30. gxf3 Rxh3+ 31. Kg2 Nf4+ 32. Kg1 Rdh8 33. Ne4+ Kg7 34. Ng3 gxf3 0-1


[Site "https://www.chess.com"]

[Event "Titled Tuesday Blitz April 4 Early 2023"]
[White "Kozak, Antoni"]
[Black "Xiong, Jeffery"]
[WhiteFideId "21832030"]
[BlackFideId "2047640"]
[WhiteElo "2470"]
[BlackElo "2726"]
[Result "1-0"]
[Round "05"]
[TimeControl "180+2"]
[Date "2023.04.04"]
[WhiteClock "0:01:06"]
[BlackClock "0:01:24"]

1. Nf3 g6 2. e3 Bg7 3. Be2 d6 4. O-O e5 5. c4 Nd7 6. Nc3 f5 7. d3 Ngf6 8. Rb1 O-O 9. b4 c6 10. a4 Kh8 11. Ba3 a5 12. bxa5 Ne8 13. Qc2 Qxa5 14. Nd2 Qc7 15. Nb3 b6 16. Bf3 Bb7 17. g3 Nef6 18. Bg2 Rfc8 19. Rfc1 h5 20. h4 Ng4 21. d4 e4 22. Nd2 c5 23. Nb5 Qb8 24. Bb2 Ndf6 25. Nf1 Bc6 26. Rd1 Bxb5 27. axb5 Qc7 28. Ra1 Nd7 29. dxc5 Nxc5 30. Bxg7+ Kxg7 31. Qd2 Rxa1 32. Rxa1 Ne5 33. Qd5 Ncd3 34. Nd2 Nb4 35. Qe6 Nbd3 36. Bf1 Nc5 37. Qd5 Rd8 38. Be2 Qf7 39. Qd4 Qf6 40. Kg2 Nf7 41. Ra7 Rd7 42. Ra8 Rb7 43. Rg8+ Kxg8 44. Qxf6 1-0


[Site "https://www.chess.com"]

[Event "Titled Tuesday Blitz April 4 Early 2023"]
[White "Mitrabha, Guha"]
[Black "Thomforde-Toates, Noah"]
[WhiteFideId "5057000"]
[BlackFideId "30951992"]
[WhiteElo "2507"]
[BlackElo "2668"]
[Result "0-1"]
[Round "05"]
[TimeControl "180+2"]
[Date "2023.04.04"]
[WhiteClock "0:00:09"]
[BlackClock "0:00:37"]

1. Nf3 Nf6 2. d4 g6 3. g3 Bg7 4. Bg2 O-O 5. O-O d6 6. c4 Nc6 7. Nc3 e5 8. dxe5 Nxe5 9. Nxe5 dxe5 10. Qxd8 Rxd8 11. Bg5 Rd7 12. Rad1 c6 13. b3 h6 14. Be3 Rxd1 15. Rxd1 Be6 16. Na4 Nd7 17. h4 Bf8 18. Kh2 f5 19. f3 Kf7 20. Bf2 Be7 21. e4 f4 22. g4 a6 23. c5 Rd8 24. Bf1 Nf6 25. Rxd8 Bxd8 26. Be2 Ba5 27. Kg2 Bd2 28. Kf1 h5 29. g5 Bh3+ 30. Kg1 Ne8 31. Nb6 Nc7 32. Nc4 Bc3 33. Nd6+ Ke7 34. Nxb7 Nb5 35. Nd6 Nd4 36. Bxa6 Nxf3+ 37. Kh1 Bd4 38. Bxd4 exd4 39. Be2 Ne5 40. Kg1 d3 41. Bd1 Bg4 42. a4 Bxd1 43. a5 d2 0-1


[Site "https://www.chess.com"]

[Event "Titled Tuesday Blitz April 4 Early 2023"]
[White "Hovhannisyan, Robert"]
[Black "Shuvalova, Polina"]
[WhiteFideId "13302507"]
[BlackFideId "24171760"]
[WhiteElo "2570"]
[BlackElo "2281"]
[Result "1-0"]
[Round "05"]
[TimeControl "180+2"]
[Date "2023.04.04"]
[WhiteClock "0:01:07"]
[BlackClock "0:00:22"]

1. e4 c6 2. Nf3 d5 3. d3 Qc7 4. exd5 cxd5 5. d4 Nc6 6. c4 Nf6 7. Nc3 e6 8. c5 Ne4 9. Bb5 Bd7 10. O-O Be7 11. Re1 Nxc3 12. bxc3 b6 13. cxb6 axb6 14. a4 O-O 15. Bg5 Bxg5 16. Nxg5 h6 17. Nf3 Na5 18. Bxd7 Qxd7 19. Ne5 Qc7 20. Re3 Nc4 21. Nxc4 Qxc4 22. h4 Qc7 23. Qg4 b5 24. Rg3 f5 25. Qg6 Rfe8 26. a5 Kh8 27. a6 Ra7 28. Qxe8+ 1-0


[Site "https://www.chess.com"]

[Event "Titled Tuesday Blitz April 4 Early 2023"]
[White "Rozman, Levy"]
[Black "Gurel, Ediz"]
[WhiteFideId "2039877"]
[BlackFideId "44507356"]
[WhiteElo "2376"]
[BlackElo "2352"]
[Result "0-1"]
[Round "05"]
[TimeControl "180+2"]
[Date "2023.04.04"]
[WhiteClock "0:00:03"]
[BlackClock "0:00:09"]

1. e4 c5 2. Nc3 e6 3. d4 cxd4 4. Qxd4 Nc6 5. Qd3 Nf6 6. Bf4 Bb4 7. O-O-O O-O 8. Nge2 d5 9. exd5 exd5 10. Nxd5 Nxd5 11. Qxd5 Qe7 12. Bd6 Bxd6 13. Qxd6 Qg5+ 14. Qf4 Qa5 15. Nc3 Be6 16. a3 Rad8 17. Bb5 Qb6 18. Rxd8 Rxd8 19. Rd1 Nd4 20. Bd3 h6 21. Qe4 Bf5 22. Qe3 Bxd3 23. Rxd3 Qc5 24. Qd2 Qe5 25. f4 Qf6 26. Nb5 Nc6 27. Rxd8+ Nxd8 28. Nxa7 Qb6 29. Nc8 Qg1+ 30. Qd1 Qe3+ 31. Kb1 Nc6 32. g3 Nd4 33. Nd6 b5 34. Qd3 Qe1+ 35. Ka2 Ne2 36. Qe4 Nc1+ 37. Kb1 Ne2+ 38. Ka2 Nc1+ 39. Kb1 Qd1 40. Qe8+ Kh7 41. Qe4+ g6 42. b4 Nd3+ 0-1


[Site "https://www.chess.com"]

[Event "Titled Tuesday Blitz April 4 Early 2023"]
[White "Domingo Nunez, Ruben"]
[Black "Ibrahimli, Murad"]
[WhiteFideId "22245570"]
[BlackFideId "13410229"]
[WhiteElo "2404"]
[BlackElo "2364"]
[Result "1-0"]
[Round "05"]
[TimeControl "180+2"]
[Date "2023.04.04"]
[WhiteClock "0:00:13"]
[BlackClock "0:00:17"]

1. b3 e5 2. Bb2 Nc6 3. e3 Nf6 4. Bb5 Bd6 5. Nf3 Qe7 6. Bxc6 dxc6 7. c4 c5 8. Nc3 e4 9. Ng5 h6 10. Nh3 Bg4 11. Qc2 a6 12. d3 exd3 13. Qxd3 O-O-O 14. Qc2 Qe6 15. Ng1 Be5 16. Nf3 Bf5 17. Qc1 Bxc3+ 18. Qxc3 Be4 19. Qe5 Qc6 20. Qf4 Rd6 21. Ne5 Qe8 22. f3 Bh7 23. O-O g5 24. Qg3 Rg8 25. Rad1 Qe6 26. Rxd6 cxd6 27. Ng4 Nxg4 28. fxg4 f5 29. gxf5 Bxf5 30. e4 Bxe4 31. Rf6 Qe7 32. Qg4+ Qd7 33. Qxe4 Re8 34. Qf5 Re1+ 35. Kf2 Qxf5+ 36. Rxf5 Rb1 37. Bg7 Rc1 38. Kg3 Rc2 39. Rf2 Rc1 40. Bxh6 1-0


[Site "https://www.chess.com"]

[Event "Titled Tuesday Blitz April 4 Early 2023"]
[White "Drygalov, Andrey"]
[Black "Darini, Pouria"]
[WhiteFideId "24171735"]
[BlackFideId "12502200"]
[WhiteElo "2466"]
[BlackElo "2482"]
[Result "1-0"]
[Round "05"]
[TimeControl "180+2"]
[Date "2023.04.04"]
[WhiteClock "0:01:44"]
[BlackClock "0:00:21"]

1. e4 e5 2. Nf3 Nc6 3. Bc4 Bc5 4. c3 Nf6 5. d3 a6 6. O-O Ba7 7. a4 d6 8. Re1 O-O 9. Nbd2 Ne7 10. Nf1 Ng6 11. Ng3 c6 12. Bb3 Re8 13. h3 Be6 14. d4 h6 15. Be3 Qc7 16. Bc2 c5 17. Qd2 Rad8 18. Nf5 Bxf5 19. exf5 Nf8 20. Bxh6 gxh6 21. Qxh6 N8h7 22. Ng5 Qe7 23. Nxh7 Nxh7 24. f6 Nxf6 25. Re3 1-0


[Site "https://www.chess.com"]

[Event "Titled Tuesday Blitz April 4 Early 2023"]
[White "Hamitevici, Vladimir"]
[Black "Vakhlamov, Igor L."]
[WhiteFideId "13902393"]
[BlackFideId "24126748"]
[WhiteElo "2401"]
[BlackElo "2400"]
[Result "0-1"]
[Round "05"]
[TimeControl "180+2"]
[Date "2023.04.04"]
[WhiteClock "0:00:03"]
[BlackClock "0:00:04"]

1. Nf3 d5 2. c4 e6 3. b3 Nf6 4. g3 Be7 5. Bg2 O-O 6. O-O c5 7. cxd5 exd5 8. d4 Nc6 9. Nc3 Ne4 10. Bb2 Bf6 11. e3 cxd4 12. Nxd4 Nxd4 13. exd4 Bf5 14. Re1 Re8 15. Rc1 Qa5 16. Nxe4 Bxe4 17. Bxe4 dxe4 18. Rc5 Qxa2 19. Qc2 Qa6 20. Rxe4 h6 21. b4 Qd6 22. f3 Red8 23. b5 b6 24. Rc6 Qd5 25. Qd3 Rd7 26. Rg4 h5 27. Rf4 Rad8 28. Rf5 Bxd4+ 29. Kg2 Qa2 30. Rxh5 Qxb2+ 31. Rc2 Qb4 32. Qh7+ Kf8 33. Qh8+ Ke7 34. Re2+ Kd6 35. Qh7 Kc7 36. Qe4 Kb8 37. Rc2 Qd6 38. Rc6 Qe7 39. Qg4 Bf6 40. Rf5 Qe2+ 41. Kh3 Qe7 42. Rh5 g6 43. Rh7 Be5 44. f4 Bd6 45. f5 Qe5 46. fxg6 f5 47. Qg5 Rh8 48. Rc4 Rhxh7+ 49. gxh7 Rxh7+ 50. Kg2 Qd5+ 51. Kf2 Qxc4 52. Qd8+ Qc8 53. Qxd6+ Qc7 54. Qf8+ Kb7 55. Qxf5 Rf7 0-1


[Site "https://www.chess.com"]

[Event "Titled Tuesday Blitz April 4 Early 2023"]
[White "Samsonkin, Artiom"]
[Black "Manukyan, Sargis A."]
[WhiteFideId "13503111"]
[BlackFideId "13303970"]
[WhiteElo "2524"]
[BlackElo "2187"]
[Result "1-0"]
[Round "05"]
[TimeControl "180+2"]
[Date "2023.04.04"]
[WhiteClock "0:00:42"]
[BlackClock "0:00:16"]

1. e4 c5 2. Nf3 d6 3. d4 cxd4 4. Qxd4 Nc6 5. Bb5 Bd7 6. Bxc6 Bxc6 7. Nc3 Nf6 8. Bg5 e6 9. O-O-O Be7 10. Rhe1 Qc7 11. Kb1 O-O 12. Qd2 b5 13. Bxf6 Bxf6 14. Qxd6 Qb7 15. Nd4 Rfc8 16. Nxc6 Rxc6 17. Qd7 Rc7 18. Qd3 Rac8 19. e5 Be7 20. Qxb5 Qxg2 21. Rd7 Qxf2 22. Red1 Rc5 23. Rd8+ Bf8 24. Qe8 Rxd8 25. Rxd8 Qe1+ 26. Nd1 h6 27. Qxf8+ Kh7 28. Qxf7 Qe2 29. Qg8+ Kg6 30. Qxe6+ Kg5 31. Qe7+ Kh5 32. Qxc5 g5 33. a3 a5 34. Ka1 a4 35. Kb1 g4 36. e6+ Kh4 37. Qf2+ Qxf2 38. Nxf2 h5 39. c3 g3 40. hxg3+ Kxg3 41. e7 Kh4 42. e8=Q Kg3 43. Qxa4 Kh2 44. Rg8 h4 45. Qxh4# 1-0


[Site "https://www.chess.com"]

[Event "Titled Tuesday Blitz April 4 Early 2023"]
[White "Corrales Jimenez, Fidel"]
[Black "Vaibhav Jayant Raut"]
[WhiteFideId "3506690"]
[BlackFideId "5089034"]
[WhiteElo "2541"]
[BlackElo "2156"]
[Result "1-0"]
[Round "05"]
[TimeControl "180+2"]
[Date "2023.04.04"]
[WhiteClock "0:02:09"]
[BlackClock "0:00:02"]

1. e4 c5 2. d4 cxd4 3. c3 d3 4. Bxd3 Nc6 5. f4 d5 6. e5 h5 7. Nf3 Nh6 8. O-O Bf5 9. Be3 e6 10. h3 Rc8 11. Bf2 Bxd3 12. Qxd3 Nf5 13. Nbd2 Be7 14. g4 hxg4 15. hxg4 Nh6 16. Nh2 Bh4 17. Be3 Bg3 18. Ndf3 Bxh2+ 19. Nxh2 Qh4 20. Bf2 Qe7 21. Kg2 Ng8 22. Rh1 Qd7 23. Nf3 Rh6 24. g5 Rxh1 25. Rxh1 Kd8 26. Bc5 Kc7 27. Bd6+ Kb6 28. b4 Nce7 29. Qe3+ Ka6 30. a4 Qxa4 31. b5+ Kxb5 32. Nd4+ Ka6 33. Qd3+ b5 34. Ra1 Rc4 35. Rxa4+ 1-0


[Site "https://www.chess.com"]

[Event "Titled Tuesday Blitz April 4 Early 2023"]
[White "Skliarov, Viktor"]
[Black "Moroni, Luca Jr"]
[WhiteFideId "14106736"]
[BlackFideId "865834"]
[WhiteElo "2317"]
[BlackElo "2569"]
[Result "0-1"]
[Round "05"]
[TimeControl "180+2"]
[Date "2023.04.04"]
[WhiteClock "0:00:05"]
[BlackClock "0:00:21"]

1. e4 g6 2. d4 Bg7 3. Nc3 a6 4. Be3 b5 5. f3 Bb7 6. Qd2 Nf6 7. g4 d6 8. h4 h5 9. g5 Nfd7 10. O-O-O Nb6 11. d5 N8d7 12. Bd4 O-O 13. Bxg7 Kxg7 14. Qd4+ Kg8 15. f4 c6 16. dxc6 Bxc6 17. Nf3 Qc7 18. Rg1 Bb7 19. f5 Qc5 20. a3 Rac8 21. f6 exf6 22. gxf6 Qxd4 23. Nxd4 Rxc3 24. bxc3 Bxe4 25. Bg2 Bxg2 26. Rxg2 Nxf6 27. Nf5 Nc4 28. Nxd6 Ne3 29. Rf2 Nxd1 30. Rxf6 Nxc3 31. Nb7 Rb8 32. Nc5 a5 33. Ra6 a4 34. Rc6 Ne2+ 35. Kb2 Nd4 36. Rc7 Nf5 37. Nd3 Re8 38. Rb7 Nxh4 39. Rxb5 Nf5 40. Rb4 h4 41. Rxa4 h3 42. Rf4 h2 43. Nf2 Re1 44. a4 Rf1 45. a5 Rxf2 46. Rxf2 h1=Q 0-1


[Site "https://www.chess.com"]

[Event "Titled Tuesday Blitz April 4 Early 2023"]
[White "Antal, Gergely"]
[Black "Kovalev, Vladislav"]
[WhiteFideId "717312"]
[BlackFideId "13504398"]
[WhiteElo "2471"]
[BlackElo "2555"]
[Result "1-0"]
[Round "05"]
[TimeControl "180+2"]
[Date "2023.04.04"]
[WhiteClock "0:00:19"]
[BlackClock "0:00:04"]

1. e4 e5 2. Nc3 Nc6 3. g3 Bc5 4. Bg2 d6 5. d3 a6 6. Nge2 Nge7 7. O-O h5 8. h3 h4 9. g4 f6 10. Be3 g5 11. d4 Ba7 12. Nd5 Ng6 13. c3 O-O 14. Qd2 Nce7 15. Nxf6+ Rxf6 16. Bxg5 Qf8 17. Bxf6 Qxf6 18. f4 exf4 19. Nxf4 Nxf4 20. Rxf4 Qg7 21. Raf1 Be6 22. Kh1 Re8 23. b3 c5 24. Rf6 Nc8 25. e5 dxe5 26. d5 Bd7 27. Be4 Ne7 28. d6 Bc6 29. Bxc6 Nxc6 30. Qd5+ Kh8 31. R1f5 Qh7 32. Rf8+ Rxf8 33. Rxf8+ Kg7 34. Qf7+ Kh6 35. Qf6+ Qg6 36. Rh8# 1-0


[Site "https://www.chess.com"]

[Event "Titled Tuesday Blitz April 4 Early 2023"]
[White "Belov, Alexei"]
[Black "Molina, Roberto Junio Brito"]
[WhiteFideId "4128206"]
[BlackFideId "2109450"]
[WhiteElo "2620"]
[BlackElo "2376"]
[Result "1-0"]
[Round "05"]
[TimeControl "180+2"]
[Date "2023.04.04"]
[WhiteClock "0:00:53"]
[BlackClock "0:00:11"]

1. e4 c6 2. d4 d5 3. Nd2 dxe4 4. Nxe4 Nd7 5. Nf3 Ngf6 6. Nxf6+ Nxf6 7. Ne5 Nd7 8. Bf4 Nxe5 9. Bxe5 Bf5 10. Bd3 Bxd3 11. Qxd3 e6 12. O-O f6 13. Bg3 Kf7 14. Rfe1 Qd7 15. Rad1 Bd6 16. Bxd6 Qxd6 17. Qb3 Qd7 18. c4 Rhe8 19. h3 Re7 20. d5 exd5 21. Rxe7+ Kxe7 22. cxd5 c5 23. Qe3+ Kf7 24. Qxc5 b6 25. Qa3 Rc8 26. d6 Rc5 27. Qd3 g6 28. Re1 Re5 29. Rc1 Qe6 30. d7 Kf8 31. d8=Q+ 1-0


[Site "https://www.chess.com"]

[Event "Titled Tuesday Blitz April 4 Early 2023"]
[White "Kadric, Denis"]
[Black "Danielyan, Vahe"]
[WhiteFideId "14403803"]
[BlackFideId "13304828"]
[WhiteElo "2612"]
[BlackElo "2423"]
[Result "0-1"]
[Round "05"]
[TimeControl "180+2"]
[Date "2023.04.04"]
[WhiteClock "0:00:13"]
[BlackClock "0:00:17"]

1. e4 c5 2. Nc3 d6 3. f4 g6 4. d4 cxd4 5. Qxd4 Nf6 6. e5 Nc6 7. Bb5 Nd7 8. Bxc6 bxc6 9. exd6 Nf6 10. Be3 exd6 11. O-O-O Be7 12. Ne4 d5 13. Qc3 O-O 14. Qxc6 Be6 15. Nxf6+ Bxf6 16. Bd4 Bxd4 17. Rxd4 Qa5 18. Qa4 Qe1+ 19. Rd1 Qf2 20. Nf3 Qxg2 21. Nd4 Qe4 22. Rhf1 Rac8 23. c3 Bh3 24. Rf2 Qe3+ 25. Rdd2 Rc4 26. Qc2 Rfc8 27. Rf3 Qg1+ 28. Qd1 Qxd1+ 29. Rxd1 Bg4 30. Re3 Bxd1 31. Kxd1 Kf8 32. Re5 R4c5 33. Nb3 Rb5 34. Re2 Re8 35. Rd2 Re4 36. f5 gxf5 37. Kc2 f4 38. Nd4 Rb6 39. Nf5 Re5 40. Nd4 Rh6 41. Rf2 Rf6 42. Kd3 Re3+ 43. Kd2 Rh3 44. Ne2 f3 45. Ng1 Rh5 46. Ke3 Re5+ 47. Kd4 Rff5 48. b4 Re4+ 49. Kd3 Ref4 50. a4 h5 51. b5 Rxa4 52. Nh3 Rh4 53. Ng1 Rg4 54. Nxf3 Rgf4 55. Ke3 Ke8 56. h4 Kd8 57. Ke2 Kc7 58. Ke3 Kb6 59. Ke2 Rxf3 60. Rxf3 Rxf3 61. Kxf3 0-1


[Site "https://www.chess.com"]

[Event "Titled Tuesday Blitz April 4 Early 2023"]
[White "Atanasov, Anthony"]
[Black "Mammadov, Zaur"]
[WhiteFideId "2623897"]
[BlackFideId "13401033"]
[WhiteElo "2326"]
[BlackElo "2441"]
[Result "1-0"]
[Round "05"]
[TimeControl "180+2"]
[Date "2023.04.04"]
[WhiteClock "0:00:04"]
[BlackClock "0:00:09"]

1. d4 d5 2. Bf4 c5 3. e3 cxd4 4. exd4 Nc6 5. Nf3 Bf5 6. c3 e6 7. Bd3 Bxd3 8. Qxd3 Bd6 9. Bxd6 Qxd6 10. O-O Nf6 11. Re1 O-O 12. Ne5 Rab8 13. a4 a6 14. Nd2 Ne7 15. a5 Nf5 16. h3 Rfc8 17. Qf3 Nd7 18. g4 Nh6 19. Nxd7 Qxd7 20. Qf4 Qc7 21. Qxc7 Rxc7 22. f4 Kf8 23. Re5 b6 24. f5 Rc6 25. Nf3 bxa5 26. Ra2 Ke7 27. fxe6 fxe6 28. Ne1 Nf7 29. Re2 Rb5 30. Nd3 Rcb6 31. Rf2 Ng5 32. Kg2 Ne4 33. Re2 g5 34. Nf2 Nxf2 35. Kxf2 h6 36. Kg2 Kd6 37. Rf2 Ke7 38. Re2 a4 39. Kg3 a3 40. Rxa3 Rxb2 41. Rxb2 Rxb2 42. Rxa6 Rc2 43. Rc6 Kf6 44. Rc8 Rd2 45. Rc7 Rd3+ 46. Kg2 Re3 47. Rc6 Kg6 48. Kf2 Re4 49. Kf3 h5 50. Kg3 h4+ 51. Kf3 Kf6 52. Rc7 Re1 53. Kg2 Re3 54. Rc8 Rg3+ 55. Kh2 Rd3 56. Kg2 Ke7 57. Rc6 Kd7 58. Rc5 Kd6 59. Rc8 e5 60. dxe5+ Kxe5 61. Re8+ Kf4 62. Rf8+ Ke3 63. Rf5 Rd2+ 64. Kg1 Ke4 65. Rxg5 Kf3 66. Re5 Rd3 67. Kh2 Rd2+ 68. Kg1 Rd1+ 69. Kh2 Rd3 70. g5 Rd2+ 71. Kg1 Kf4 72. Re7 Kxg5 73. Rd7 Rd3 74. Rd6 Kf4 75. Kg2 Rd2+ 76. Kg1 Kg3 77. Kf1 Kxh3 78. c4 Rd4 79. cxd5 Rf4+ 80. Kg1 Rg4+ 81. Kh1 Rd4 82. Kg1 Rd1+ 83. Kf2 Kh2 84. Rh6 h3 85. d6 Rd2+ 86. Kf3 Rd3+ 87. Kf2 Rd5 88. Kf3 Rd4 89. Kf2 Rf4+ 90. Ke3 Rf8 91. d7 Rd8 92. Rh7 Kg3 93. Rg7+ Kh4 94. Kf3 h2 95. Kg2 Kh5 96. Kxh2 Kh6 97. Re7 Kg6 98. Kg3 Rg8 99. Re8 Rg7 100. d8=Q Kh7+ 101. Kf4 Rf7+ 102. Ke5 Rg7 103. Rh8+ Kg6 104. Qf6# 1-0


[Site "https://www.chess.com"]

[Event "Titled Tuesday Blitz April 4 Early 2023"]
[White "Pakleza, Zbigniew"]
[Black "Al-Tarboush, Ward"]
[WhiteFideId "1119290"]
[BlackFideId "7601450"]
[WhiteElo "2410"]
[BlackElo "2265"]
[Result "1-0"]
[Round "05"]
[TimeControl "180+2"]
[Date "2023.04.04"]
[WhiteClock "0:00:43"]
[BlackClock "0:00:09"]

1. d4 d5 2. Bf4 Nf6 3. e3 c5 4. c3 Nc6 5. Nd2 Qb6 6. Qb3 c4 7. Qxb6 axb6 8. a3 b5 9. Rc1 Bf5 10. h3 e6 11. g4 Bg6 12. Bg2 Nd7 13. e4 Nb6 14. Ne2 Be7 15. O-O O-O 16. Rfe1 Bf6 17. Bg3 Na4 18. Rb1 e5 19. dxe5 Nxe5 20. Bxe5 Bxe5 21. f4 dxe4 22. f5 Nc5 23. Nxe4 Nxe4 24. Bxe4 Rad8 25. Rbd1 Bd6 26. Nd4 Bg3 27. Rf1 Rfe8 28. Bxb7 h5 29. fxg6 fxg6 30. Bf3 h4 31. Nxb5 Rb8 32. Bd5+ Kh7 33. Bxc4 Re5 34. a4 Re3 35. Rd3 Re2 36. Rxg3 Rxb2 37. Rg2 1-0


[Site "https://www.chess.com"]

[Event "Titled Tuesday Blitz April 4 Early 2023"]
[White "Mahdavi, Reza"]
[Black "Adla, Diego"]
[WhiteFideId "12595926"]
[BlackFideId "100072"]
[WhiteElo "2357"]
[BlackElo "2377"]
[Result "1-0"]
[Round "05"]
[TimeControl "180+2"]
[Date "2023.04.04"]
[WhiteClock "0:00:48"]
[BlackClock "0:00:44"]

1. Nf3 d5 2. g3 Nd7 3. d4 Nb6 4. Bg2 Bf5 5. b3 e6 6. Bb2 Be7 7. O-O Nf6 8. c4 c6 9. Nbd2 O-O 10. Nh4 Be4 11. Nxe4 dxe4 12. Qc2 g5 13. f3 gxh4 14. fxe4 hxg3 15. h3 e5 16. dxe5 Bc5+ 17. Kh1 Ng4 18. Qc3 Nf2+ 19. Rxf2 Bxf2 20. e6 f6 21. c5 Qe7 22. cxb6 axb6 23. Bf3 Qxe6 24. Kg2 Rad8 25. Qb4 Bc5 26. Qc3 Bd4 27. Qc1 Bxb2 28. Qxb2 Qe5 29. Qxe5 fxe5 30. Kxg3 Rd2 31. Kf2 Rfd8 32. Rg1+ Kf8 33. Rg5 Rxa2 34. Rf5+ Ke7 35. Rxe5+ Kd6 36. Rh5 Rd7 37. e5+ Kc7 38. Ke3 Re7 39. Kf4 Ra5 40. Be4 Rb5 41. Rxh7 Rxh7 42. Bxh7 Rxb3 43. Bd3 Kd7 44. h4 Ke7 45. h5 Rb4+ 46. Kg5 Rb5 47. Bxb5 cxb5 48. h6 1-0


[Site "https://www.chess.com"]

[Event "Titled Tuesday Blitz April 4 Early 2023"]
[White "Ozates, Tuna"]
[Black "Zemlyanskii, Ivan"]
[WhiteFideId "6354521"]
[BlackFideId "24249971"]
[WhiteElo "2151"]
[BlackElo "2419"]
[Result "0-1"]
[Round "05"]
[TimeControl "180+2"]
[Date "2023.04.04"]
[WhiteClock "0:00:05"]
[BlackClock "0:00:09"]

1. e4 Nc6 2. Nf3 d5 3. exd5 Qxd5 4. Nc3 Qd6 5. d4 Nf6 6. h3 Bf5 7. Bb5 a6 8. Ba4 b5 9. Bb3 Rd8 10. Be3 e6 11. O-O Be7 12. a3 O-O 13. Qe2 Ne4 14. Nxe4 Bxe4 15. Rad1 Na5 16. Nd2 Bb7 17. f3 Nxb3 18. Nxb3 Bd5 19. Nd2 Qc6 20. c3 a5 21. Rc1 Qb7 22. Qf2 b4 23. axb4 axb4 24. c4 Bc6 25. Nb3 Ba4 26. Nd2 b3 27. Ne4 Bc6 28. Nc3 Qb4 29. Qe2 Bb7 30. Rfd1 Bf6 31. Ne4 Be7 32. Bf4 Ba6 33. Bxc7 Rc8 34. Be5 Rxc4 35. Qe3 f6 36. Bg3 Rxc1 37. Rxc1 Bc4 38. Nc5 Kf7 39. Qe4 h6 40. Kh2 Bd5 41. Qd3 Rc8 42. Bf2 Qb8+ 43. Kg1 Qf4 44. Be3 Qg3 45. Bf2 Qg5 46. Be3 Qg3 47. Bf2 Qg6 48. Qxg6+ Kxg6 49. Nxb3 Rb8 50. Nc5 Rxb2 51. Re1 Kf7 52. Nd3 Rd2 53. Nf4 Bc4 54. Be3 Rc2 55. h4 g5 56. hxg5 hxg5 57. Nh3 Bd5 58. Nf2 Bd6 59. Ne4 Bc7 60. Ra1 g4 61. Ra7 gxf3 62. gxf3 Kg6 63. Kf1 f5 64. Nc5 Bg3 65. Nd7 Bxf3 66. Nf8+ Kf6 67. Nh7+ Kg6 68. Nf8+ Kh5 69. Rh7+ Kg4 70. Rg7+ Kh4 71. Ng6+ Kh3 72. Nf4+ Bxf4 73. Bxf4 Be4 74. Rg3+ Kh4 75. Rg7 Rc3 76. Be5 Kh5 77. Rg8 Rf3+ 78. Ke2 Ra3 79. Kf2 Ra2+ 80. Kf1 Bd3+ 81. Kg1 Bc4 82. Rh8+ Kg4 83. Rg8+ Kf3 84. Rg3+ Ke4 85. Rc3 Bd5 86. Kf1 f4 87. Rc1 f3 88. Re1+ Kf5 89. Rd1 Bc4+ 90. Kg1 f2+ 0-1


[Site "https://www.chess.com"]

[Event "Titled Tuesday Blitz April 4 Early 2023"]
[White "Zhao, Jun"]
[Black "Gabdrakhmanov, Azat"]
[WhiteFideId "8602522"]
[BlackFideId "34189197"]
[WhiteElo "2547"]
[BlackElo "2306"]
[Result "1-0"]
[Round "05"]
[TimeControl "180+2"]
[Date "2023.04.04"]
[WhiteClock "0:01:01"]
[BlackClock "0:00:04"]

1. Nf3 c5 2. g3 b6 3. Bg2 Bb7 4. O-O Nf6 5. c4 e6 6. Nc3 Be7 7. d4 cxd4 8. Qxd4 O-O 9. Rd1 Na6 10. b3 Qc8 11. Bb2 Rd8 12. Rac1 d6 13. e4 Nc5 14. Re1 a6 15. Nd2 Qc7 16. h3 Rac8 17. Qe3 Bc6 18. b4 Ncd7 19. Nd5 Bxd5 20. cxd5 Qb8 21. dxe6 fxe6 22. Qb3 Nf8 23. e5 dxe5 24. Rxc8 Qxc8 25. Nc4 b5 26. Nxe5 Nd5 27. Rc1 Qb7 28. Nc6 Rd6 29. Nxe7+ Qxe7 30. Bd4 Rd7 31. Rc8 Rd8 32. Bc5 Qd7 33. Rxd8 Qxd8 34. a4 h6 35. a5 Ng6 36. Kh2 Ne5 37. f4 Nc4 38. Qd3 Qd7 39. f5 exf5 40. Qxd5+ Qxd5 41. Bxd5+ Kh7 42. Bxc4 bxc4 43. b5 1-0


[Site "https://www.chess.com"]

[Event "Titled Tuesday Blitz April 4 Early 2023"]
[White "Gokerkan, Cem Kaan"]
[Black "Ehlvest, Jaan"]
[WhiteFideId "6336760"]
[BlackFideId "4500016"]
[WhiteElo "2365"]
[BlackElo "2442"]
[Result "1-0"]
[Round "05"]
[TimeControl "180+2"]
[Date "2023.04.04"]
[WhiteClock "0:00:40"]
[BlackClock "0:00:02"]

1. e4 c5 2. c3 d5 3. exd5 Nf6 4. d4 Nxd5 5. dxc5 e6 6. Nf3 Bxc5 7. Bd3 Nd7 8. O-O Qc7 9. Nbd2 b6 10. Ne4 Be7 11. c4 Nf4 12. Bc2 Bb7 13. b3 O-O-O 14. Qd2 g5 15. Qe3 Rhg8 16. a4 f5 17. Nc3 Bc5 18. Qe1 Nxg2 19. Kxg2 Ne5 20. Nb5 Bxf3+ 21. Kg1 Bc6 22. Bd1 Rxd1 23. Qxd1 Nf3+ 24. Qxf3 Bxf3 25. Nxc7 Kxc7 26. Be3 e5 27. a5 f4 28. axb6+ Bxb6 29. Bxb6+ Kxb6 30. Rfe1 e4 31. b4 Rd8 32. Ra5 1-0


[Site "https://www.chess.com"]